AoeStats
← fresh_jam

Oasis

508266798Analyzed
4v4 RM · 10d ago on Sep 21, 2026· 61m 53s· 8 players
Game mode
Random Map
Map size
Large (8 player)
Population
200
Speed
Normal
Resources
Standard
Victory
Conquest
Starting age
Dark Age
Ending age
Imperial Age
RankedLock teamsTeams togetherTeam positionsShared explorationLock speedFull tech treeHidden civsTurbo modeCheats
Victory
Defeat
🇩🇪 Magyars · Germany
1213
+16
🇺🇸 Celts · United States
1190
+17
🇷🇴 Japanese · Romania
1161
+18
1152
+18
🇳🇱 Italians · Netherlands
1214
-38
🇫🇷 Byzantines · France
1203
-17
🇹🇷 Portuguese · Türkiye
1200
-17
🇨🇭 Persians · Switzerland
1194
-17
MRP9NDA
7:01 Loom
9:32 Feudal Age
9:59 Double-Bit Axe
10:21 Horse Collar
19:21 Fletching
28:17 Castle Age
29:49 Bow Saw
29:42 Heavy Plow
31:29 Wheelbarrow
32:13 Gold Mining
33:51 Gold Shaft Mining
33:07 Stone Mining
36:33 Thumb Ring
37:15 Bodkin Arrow
37:21 Padded Archer Armor
37:44 Ballistics
43:38 Leather Archer Armor
45:11 Bloodlines
45:01 Husbandry
45:37 Caravan
49:35 Imperial Age
51:06 Parthian Tactics
50:46 Bracer
50:53 Scale Barding Armor
54:50 Heavy Cavalry Archer
55:04 Light Cavalry
56:40 Chain Barding Armor
56:31 Forging
57:46 Ring Archer Armor
57:50 Conscription
60:49 Iron Casting
60:43 Hand Cart
位技术水平平平但策略
10:40 Feudal Age
15:14 Castle Age
13:28 Double-Bit Axe
13:51 Horse Collar
17:42 Heavy Plow
18:37 Wheelbarrow
20:24 Bow Saw
25:12 Hand Cart
25:04 Fletching
25:30 Scale Barding Armor
27:26 Chain Barding Armor
27:59 Forging
28:08 Bloodlines
29:01 Husbandry
33:30 Imperial Age
31:40 Ballistics
31:14 Fletching
31:25 Padded Archer Armor
32:01 Iron Casting
31:29 Elite Skirmisher
32:15 Thumb Ring
32:13 Bodkin Arrow
32:58 Iron Casting
32:39 Town Watch
33:15 Leather Archer Armor
34:21 Bracer
34:53 Ring Archer Armor
35:24 Blast Furnace
35:10 Plate Barding Armor
35:02 Heavy Camel Rider
36:03 Town Patrol
37:17 Chemistry
37:49 Two-Man Saw
37:22 Counterweights
42:21 Gold Mining
42:21 Stone Mining
42:19 Loom
42:41 Onager
44:13 Caravan
45:32 Siege Onager
55:55 Siege Engineers
Atlan
7:08 Loom
9:25 Feudal Age
9:57 Double-Bit Axe
10:00 Horse Collar
18:27 Wheelbarrow
20:51 Castle Age
18:56 Gold Mining
19:23 Fletching
19:46 Padded Archer Armor
21:54 Bloodlines
24:28 Bodkin Arrow
24:57 Bow Saw
27:01 Stone Mining
29:23 Ballistics
29:49 Thumb Ring
32:45 Hand Cart
33:08 Leather Archer Armor
32:55 Town Watch
36:48 Caravan
37:22 Heavy Plow
38:06 Gold Shaft Mining
42:37 Imperial Age
41:30 Corvinian Army
44:20 Two-Man Saw
43:54 Crop Rotation
43:29 Recurve Bow
43:52 Conscription
43:38 Husbandry
44:18 Parthian Tactics
45:04 Bracer
45:34 Ring Archer Armor
45:13 Scale Barding Armor
45:17 Heavy Cavalry Archer
47:36 Elite Magyar Huszar
49:16 Onager
49:32 Cavalier
52:34 Chain Barding Armor
54:56 Chemistry
55:22 Coinage
56:26 Hoardings
56:08 Masonry
55:38 Treadmill Crane
56:04 Siege Engineers
57:17 Banking
56:58 Paladin
dingus
10:07 Feudal Age
14:39 Castle Age
13:02 Double-Bit Axe
13:31 Horse Collar
15:48 Bow Saw
20:02 Loom
20:08 Loom
20:59 Wheelbarrow
21:45 Town Watch
24:38 Hand Cart
24:36 Gold Mining
28:01 Town Patrol
27:52 Fletching
28:03 Scale Mail Armor
28:14 Forging
28:16 Heavy Plow
32:43 Imperial Age
30:49 Stone Mining
34:30 Conscription
34:23 Furor Celtica
34:41 Heavy Scorpion
37:03 Onager
38:08 Siege Engineers
38:24 Ballistics
40:19 Chain Mail Armor
40:39 Iron Casting
40:45 Pikeman
41:10 Arson
42:56 Halberdier
45:08 Plate Mail Armor
45:38 Blast Furnace
45:53 Gold Shaft Mining
46:20 Caravan
47:53 Chemistry
46:35 Treadmill Crane
47:05 Masonry
48:06 Furor Celtica
50:17 Siege Onager
Lunakik
9:05 Feudal Age
9:37 Double-Bit Axe
19:27 Castle Age
17:52 Horse Collar
19:04 Fletching
20:03 Crossbowman
25:44 Bodkin Arrow
27:03 Padded Archer Armor
28:10 Leather Archer Armor
28:45 Thumb Ring
40:43 Imperial Age
39:30 Ballistics
41:13 Silk Road
40:56 Elite Genoese Crossbowman
41:49 Arbalester
42:39 Bracer
43:49 Ring Archer Armor
Insondable Boeuf
11:06 Feudal Age
10:53 Loom
15:09 Double-Bit Axe
15:05 Horse Collar
21:06 Castle Age
19:34 Gold Mining
23:55 Bow Saw
23:47 Heavy Plow
26:31 Gold Shaft Mining
26:43 Wheelbarrow
26:06 Pikeman
26:47 Squires
28:39 Fletching
29:12 Bodkin Arrow
30:09 Forging
33:40 Scale Mail Armor
35:00 Gambesons
35:01 Arson
35:51 Stone Mining
37:13 Scale Barding Armor
38:42 Chain Barding Armor
38:58 Iron Casting
41:01 Imperial Age
38:52 Hand Cart
40:56 Chain Mail Armor
41:43 Ballistics
42:33 Plate Barding Armor
42:29 Plate Mail Armor
42:00 Bracer
42:06 Husbandry
42:45 Conscription
41:47 Elite Cataphract
43:43 Logistica
53:43 Padded Archer Armor
54:12 Elite Skirmisher
54:58 Thumb Ring
fresh_jam
10:00 Feudal Age
18:12 Castle Age
16:24 Forging
17:28 Bloodlines
19:30 Scale Barding Armor
21:27 Husbandry
24:50 Horse Collar
30:17 Chain Barding Armor
34:51 Imperial Age
33:02 Iron Casting
32:44 Fletching
32:55 Padded Archer Armor
33:51 Wheelbarrow
33:05 Loom
33:06 Town Watch
33:15 Elite Skirmisher
34:25 Bodkin Arrow
34:40 Cavalier
39:09 Chemistry
39:35 Plate Barding Armor
40:01 Blast Furnace
40:53 Savar
45:21 Ballistics
45:56 Double-Bit Axe
48:16 Thumb Ring
52:47 Leather Archer Armor
smyracula
2:38 Loom
10:04 Feudal Age
18:01 Fletching
27:49 Castle Age
27:34 Double-Bit Axe
29:15 Bow Saw
31:47 Gold Mining
33:03 Redemption
38:36 Imperial Age
39:52 Block Printing
40:04 Elite Organ Gun
43:32 Chemistry
42:17 Sappers
44:40 Bombard Tower
45:30 Ballistics
45:37 Murder Holes
46:48 Two-Man Saw
47:45 Wheelbarrow
50:14 Guard Tower
53:29 Keep
57:25 Fortified Wall
Connection lost

Rejoining the realm…

Still unreachable

The connection could not be restored.

Session expired

The server has moved on; the page needs a fresh start.